 Dungeon Crawl Stone Soup version 0.17.0-9-g801d43b (console) character file.

1460 gw the Cudgeler (level 8, 0/73 HPs)
             Began as a Deep Dwarf Fighter on Nov 9, 2015.
             Slain by an orc warrior
             ... wielding a +0 short sword
              (6 damage)
             ... on level 6 of the Dungeon.
             The game lasted 00:07:10 (5250 turns).

gw the Cudgeler (Deep Dwarf Fighter)                Turns: 5250, Time: 00:07:10

Health: 0/73       AC: 12    Str: 21    XL:     8   Next: 48%
Magic:  3/3        EV:  4    Int:  8    God:
Gold:   227        SH:  0    Dex: 14    Spells: 0 memorised, 7 levels left

rFire  . . .     SeeInvis .     b - +0 morningstar
rCold  . . .     Clarity  .     k - +0 plate armour
rNeg   . . .     SustAt   .     c - +0 shield
rPois  .         Gourm    .     (no helmet)
rElec  .         Spirit   .     (no cloak)
rCorr  .         Warding  .     (no gloves)
rMut   .         Stasis   .     (no boots)
MR     +....                    i - amulet of inaccuracy (curse)
Stlth  ..........               (no ring)
                                (no ring)

@: confused, non-regenerating, slowed, very slow, somewhat resistant to hostile
enchantments, extremely unstealthy
A: damage resistance, recharge devices, sense surroundings 1, slow regeneration
3
a: Device Recharging


You were on level 6 of the Dungeon.
You were not hungry.

You visited 1 branch of the dungeon, and saw 6 of its levels.

You collected 227 gold pieces.

Inventory:

Hand Weapons
 b - a +0 morningstar (weapon)
Missiles
 a - 9 tomahawks
 d - 3 poisoned javelins (quivered)
 g - 139 stones
 h - 64 poisoned needles
Armour
 c - a +0 shield (worn)
 k - a +0 plate armour (worn)
Jewellery
 i - a cursed amulet of inaccuracy (around neck)
Wands
 e - a wand of heal wounds (1)
Comestibles
 f - 3 bread rations


   Skills:
 + Level 4.7 Fighting
 * Level 6.6 Maces & Flails
 + Level 3.3 Throwing
 + Level 5.5 Armour
 + Level 5.7 Shields


You had 7 spell levels left.
You didn't know any spells.

Dungeon Overview and Level Annotations

Branches:
Dungeon (6/15)
 Temple: D:4-7

Altars:
Ashenzari
Trog
Vehumet


Innate Abilities, Weirdness & Mutations

You are resistant to damage.
You can recharge devices by infusing magical energy.
You passively map a small area around you.
You do not regenerate naturally.


Message History

The orc priest hits you but does no damage.
The orc warrior hits you with a short sword.
The orc wizard gestures at you while chanting.
The magic dart hits you! Something hits you but does no damage.
Unknown command.
Unknown command.
Unknown command.
Unknown command.
ATTACK MOVE TO (-1,-1)
You miss the orc wizard.
The orc wizard is no longer moving quickly.
The orc wizard hits you but does no damage.
The orc priest hits you with a dagger.
The orc warrior hits you with a short sword.
The orc wizard hits you but does no damage.
The orc wizard casts a spell.
The orc wizard blinks!
Something hits you but does no damage.
The orc priest hits you but does no damage.
The orc warrior hits you with a short sword!
You die...

,.......= * ,
#....... ,
......#* * * ,
,.....# * , *
....# * * , o..#
, * *#..# * ,
#o{####### * *
##go¤...(. .,
*#o##..... * *
,.. , #K# .... ,
* , , ..., #.#*
,## , ** * #._.
, #.# # * .....
*#.## .# *
..#..o##..###.##
,
.....o..........
##...###....##.#
*


You could see an orc warrior, an orc priest, 2 orc wizards and a kobold.

Table legend:
 A = Turns spent in this place as a percentage of turns spent in the entire game.
 B = Non-inter-level travel turns spent in this place as a percentage of non-inter-level travel turns spent in the entire game.
 C = Inter-level travel turns spent in this place as a percentage of turns spent in this place.
 D = Turns resting spent in this place as a percentage of non-inter-level travel turns spent in this place.
 E = Turns spent auto-exploring this place as a percentage of non-inter-level travel turns spent in this place.
 F = Non-inter-level travel turns spent in this place divided by the number of levels of this place that you've seen.
                   A       B       C       D       E      F
               +-------+-------+-------+-------+-------+----------------------
         Total | 100.0 | 100.0 |   0.4 |   0.0 |   1.8 | 1816.3
       Dungeon | 100.0 | 100.0 |   0.4 |   0.0 |   1.8 | 1816.3
               +-------+-------+-------+-------+-------+----------------------

Table legend:
 A = Kills in this place as a percentage of kills in entire the game.
 B = Kills by you in this place as a percentage of kills by you in the entire game.
 C = Kills by friends in this place as a percentage of kills by friends in the entire game.
 D = Other kills in this place as a percentage of other kills in the entire game.
 E = Experience gained in this place as a percentage of experience gained in the entire game.
 F = Experience gained in this place divided by the number of levels of this place that you have seen.
                   A       B       C       D       E      F
               +-------+-------+-------+-------+-------+----------------------
         Total | 100.0 | 100.0 |  -nan |  -nan | 100.0 | 347.7
       Dungeon | 100.0 | 100.0 |  -nan |  -nan | 100.0 | 347.7
               +-------+-------+-------+-------+-------+----------------------

Vanquished Creatures
  Grinder (D:5)
  Sigmund (D:3)
  An ice beast (D:6)
  An orc warrior (D:5)
  A phantom (D:5)
  2 ogres (D:4)
  A big kobold (D:4)
  A crimson imp (D:5)
  A giant frog zombie (D:5)
  3 orc priests
  An iguana (D:5)
  A centaur skeleton (D:4)
  A hound (D:5)
  Natasha (thrice) (D:3)
  A giant frog skeleton (D:4)
  An orc wizard (D:4)
  3 worker ants
  A hound skeleton (D:5)
  A worker ant zombie (D:5)
  8 adders
  2 adder skeletons (D:4)
  5 worms
  4 giant geckos
  9 orcs
  4 bats
  9 giant cockroaches
  12 hobgoblins
  10 jackals
  2 ball pythons (D:4)
  A giant gecko skeleton (D:4)
  6 giant newts
  9 goblins
  A jackal skeleton (D:4)
  29 kobolds
  9 rats
146 creatures vanquished.

Vanquished Creatures (others)
  A hound skeleton (D:4)
  7 toadstools (D:1)
8 creatures vanquished.

Grand Total: 154 creatures vanquished

Notes
Turn   | Place    | Note
--------------------------------------------------------------
     0 | D:1      | gw the Deep Dwarf Fighter began the quest for the Orb.
     0 | D:1      | Reached XP level 1. HP: 20/20 MP: 1/1
   133 | D:1      | Reached XP level 2. HP: 27/27 MP: 2/2
   419 | D:1      | Reached XP level 3. HP: 29/33 MP: 3/3
   777 | D:2      | Reached skill level 1 in Throwing
  1395 | D:2      | Reached XP level 4. HP: 33/42 MP: 4/4
  2095 | D:3      | Found a faded altar to an unknown god.
  2344 | D:3      | Noticed Natasha
  2365 | D:3      | Killed Natasha
  2365 | D:3      | Reached XP level 5. HP: 43/49 MP: 5/5
  2558 | D:3      | Noticed Sigmund
  2564 | D:3      | Killed Sigmund
  2564 | D:3      | Reached skill level 4 in Maces & Flails
  2564 | D:3      | Reached XP level 6. HP: 49/56 MP: 6/6
  2606 | D:3      | Noticed Natasha
  2619 | D:3      | Killed Natasha
  2704 | D:3      | Noticed Natasha
  2714 | D:3      | Killed Natasha
  3061 | D:4      | Found a bloodstained altar of Trog.
  3793 | D:4      | Reached XP level 7. HP: 45/63 MP: 6/6
  4092 | D:4      | Reached skill level 5 in Maces & Flails
  4105 | D:4      | Reached skill level 5 in Shields
  4410 | D:5      | Entered Level 5 of the Dungeon
  4487 | D:5      | Noticed Grinder
  4544 | D:5      | Reached skill level 5 in Armour
  4552 | D:5      | Reached skill level 6 in Maces & Flails
  4552 | D:5      | Reached XP level 8. HP: 42/73 MP: 5/5
  4578 | D:5      | Paralysed by Grinder for 7 turns
  4594 | D:5      | Killed Grinder
  4718 | D:5      | Found a shattered altar of Ashenzari.
  5185 | D:6      | Found a radiant altar of Vehumet.
  5250 | D:6      | Slain by an orc warrior

Action                   |  1- 3 |  4- 6 |  7- 9 || total
-------------------------+-------+-------+-------++-------
Melee: Flail             |   145 |   140 |       ||   285
       Morningstar       |       |    83 |   194 ||   277
Throw: Stone             |   120 |    99 |    11 ||   230
       Javelin           |       |    36 |    17 ||    53
       Tomahawk          |       |     3 |    19 ||    22
 Abil: Device Recharging |       |     1 |     4 ||     5
Evoke: Wand              |     1 |     5 |    24 ||    30
  Use: Potion            |       |     1 |       ||     1
  Eat: Chunk             |     2 |     8 |     5 ||    15

Vault maps used:
D:1:      nagdon_arrival_double_spiral, serial_park_tiny_2, st_stairs_9
D:3:      ecumenical_altar_2, grunt_ministairs_3, uniq_natasha, uniq_sigmund
D:4:      kennysheep_kobold_camp, kennysheep_mini_moat, first_bread
D:5:      ashenzari_conservatory_becter, uniq_grinder
D:6:      vehumet_altar_wand_db
